Map: Frozen Temple

Players

ThisGameSuck - Winner!

  • Race: Protoss Protoss
  • League: Grandmaster

POX

  • Race: Protoss Protoss
  • League: Grandmaster

VOD

Have the link to the VOD?

Description

Time

  • Played on: June 30, 2016, 3:30 p.m.
  • Length: 9:57
Show
View Real Time Build Order
Export as new Build Order

ThisGameSuck Protoss - Winner!

Build Orders: Zealot Archon 

Get SALT Encoding   

  12  0:01  Probe (Chrono Boost)  
  13  0:12  Probe (Chrono Boost)  
  14  0:18  Pylon  
  14  0:22  Probe (Chrono Boost)  
  15  0:36  Gateway, Probe (Chrono Boost)  
  16  0:46  Probe (Chrono Boost)  
  16  0:48  Assimilator  
  17  0:52  Assimilator  
  17  0:57  Probe (Chrono Boost)  
  18  1:08  Probe (Chrono Boost)  
  19  1:13  Gateway  
  19  1:18  Probe (Chrono Boost)  
  20  1:26  Cybernetics Core  
  20  1:29  Probe (Chrono Boost)  
  21  1:35  Pylon  
  21  1:39  Probe (Chrono Boost)  
  22  1:50  Probe (Chrono Boost)  
  23  2:00  Probe (Chrono Boost)  
  24  2:03  Stalker, Warp Gate (Chrono Boost)  
  24  2:07  Stalker  
  28  2:14  Mothership Core (Chrono Boost)  
  30  2:24  Pylon  
  30  2:43  Sentry x2, Probe  
  35  2:56  Probe  
  36  3:00  Nexus  
  36  3:08  Probe  
  37  3:15  Robotics Facility  
  37  3:20  Probe  
  37  3:24  Pylon  
  38  3:32  Probe (Chrono Boost)  
  39  3:42  Twilight Council  
  39  3:45  Probe (Chrono Boost)  
  40  3:53  Stalker x2  
  44  3:56  Probe (Chrono Boost)  
  44  4:01  Pylon  
  45  4:04  Observer (Chrono Boost)  
  46  4:11  Probe  
  46  4:12  Probe  
  48  4:19  Phoenix  
  48  4:24  Probe  
  48  4:25  Probe  
  50  4:36  Immortal (Chrono Boost), Probe  
  50  4:37  Probe  
  56  4:48  Probe  
  56  4:49  Probe  
  58  5:00  Probe  
  58  5:01  Probe  
  60  5:09  Nexus  
  60  5:11  Immortal  
  60  5:13  Probe (Chrono Boost)  
  66  5:23  Pylon, Probe (Chrono Boost)  
  66  5:24  Assimilator  
  66  5:27  Probe (Chrono Boost)  
  67  5:28  Charge (Chrono Boost)  
  67  5:33  Pylon  
  68  5:37  Probe x2 (Chrono Boost)  
  68  5:39  Assimilator  
  69  5:47  Immortal  
  69  5:52  Gateway  
  69  5:53  Gateway  
  69  5:55  Gateway  
  73  6:00  Gateway  
  73  6:05  Gateway  
  73  6:09  Gateway  
  73  6:15  Templar Archives  
  73  6:18  Probe  
  73  6:19  Probe x2  
  73  6:21  Warp Prism  
  76  6:31  Probe  
  76  6:32  Probe  
  79  6:34  Probe  
  81  6:40  Zealot x2  
  81  6:46  Probe x2  
  87  6:49  Pylon  
  87  7:05  Gateway  
  87  7:06  Pylon  
  87  7:17  High Templar x5  
  87  7:18  Zealot x3  
  87  7:21  Archon x2  
  103  7:28  Pylon  
  103  7:31  Pylon  
  103  7:38  High Templar  
  103  7:39  Zealot x2  
  103  7:42  Archon  
  107  7:53  Zealot x6  
  117  8:10  High Templar  
  117  8:11  High Templar, Gateway  
  117  8:12  Zealot x3  
  127  8:19  Archon, Zealot  
  129  8:20  Zealot x2  
  133  8:27  Pylon  
  133  8:29  Pylon  
  133  8:32  Pylon  
  133  8:34  Pylon  
  133  8:37  Pylon  
  133  8:38  Zealot  
  127  8:46  Zealot x5  
  127  8:47  Zealot x3  
  95  9:04  Zealot x3  
  95  9:08  Zealot x6  
  101  9:21  Observer  
  102  9:24  High Templar  
  102  9:25  High Templar, Zealot  
  102  9:26  Zealot  
  102  9:29  Archon  
  102  9:31  Zealot x6  
  102  9:50  Zealot x2  
  102  9:51  Zealot x6  
  114  9:54  Zealot x2  
Show
View Real Time Build Order
Export as new Build Order

POX Protoss 

Build Orders: Zealot Archon 

Get SALT Encoding   

  12  0:01  Probe (Chrono Boost)  
  13  0:11  Probe (Chrono Boost)  
  14  0:18  Pylon  
  14  0:22  Probe (Chrono Boost)  
  15  0:37  Probe (Chrono Boost)  
  15  0:38  Gateway  
  16  0:47  Probe (Chrono Boost)  
  16  0:48  Assimilator  
  17  0:58  Probe (Chrono Boost)  
  17  0:59  Assimilator  
  18  1:08  Probe (Chrono Boost)  
  18  1:10  Gateway  
  19  1:19  Probe (Chrono Boost)  
  20  1:26  Cybernetics Core  
  20  1:29  Probe (Chrono Boost)  
  21  1:33  Pylon  
  22  1:40  Probe (Chrono Boost)  
  22  1:50  Probe (Chrono Boost)  
  23  2:04  Stalker x2  
  23  2:07  Mothership Core (Chrono Boost)  
  29  2:14  Pylon  
  29  2:16  Warp Gate (Chrono Boost)  
  29  2:32  Probe  
  29  2:34  Stalker x2  
  34  2:57  Nexus  
  34  3:05  Pylon  
  34  3:08  Sentry  
  34  3:10  Sentry  
  38  3:13  Probe (Chrono Boost)  
  39  3:24  Probe (Chrono Boost)  
  40  3:29  Robotics Facility  
  40  3:34  Probe (Chrono Boost)  
  41  3:44  Forge  
  41  3:45  Probe (Chrono Boost)  
  42  3:56  Probe (Chrono Boost)  
  43  4:06  Protoss Ground Weapons Level 1, Probe (Chrono Boost)  
  44  4:12  Probe (Chrono Boost)  
  44  4:14  Stalker  
  44  4:15  Stalker  
  49  4:17  Probe (Chrono Boost)  
  49  4:18  Observer (Chrono Boost)  
  49  4:23  Probe  
  52  4:29  Probe  
  53  4:35  Probe  
  54  4:39  Pylon  
  54  4:41  Probe  
  55  4:47  Immortal (Chrono Boost), Probe  
  60  4:53  Probe  
  60  4:55  Assimilator  
  60  4:59  Probe  
  62  5:05  Probe  
  63  5:11  Probe  
  64  5:17  Probe  
  64  5:20  Nexus  
  65  5:23  Probe  
  65  5:24  Pylon  
  65  5:29  Probe  
  65  5:34  Twilight Council  
  66  5:36  Probe  
  71  5:43  Immortal (Chrono Boost), Pylon, Probe  
  72  5:51  Gateway, Probe  
  72  5:54  Gateway  
  73  5:59  Gateway  
  73  6:00  Probe  
  74  6:04  Probe  
  74  6:07  Charge (Chrono Boost)  
  74  6:08  Gateway  
  75  6:17  Observer, Protoss Ground Weapons Level 2 (Chrono Boost)  
  75  6:21  Assimilator  
  75  6:23  Probe  
  75  6:24  Probe  
  78  6:31  Pylon  
  78  6:35  Probe  
  78  6:36  Probe  
  78  6:37  Probe  
  78  6:39  Templar Archives  
  81  6:42  Immortal  
  85  6:47  Probe  
  85  6:49  Probe  
  85  6:52  Probe  
  88  6:59  Pylon, Probe  
  88  7:01  Probe  
  90  7:04  Probe  
  90  7:07  Assimilator  
  91  7:08  Assimilator  
  91  7:09  Zealot x2  
  91  7:10  Zealot  
  91  7:11  Probe  
  91  7:14  Zealot  
  101  7:21  Warp Prism, Probe  
  101  7:22  Zealot x2, Probe  
  106  7:27  Probe  
  109  7:34  Probe x2  
  109  7:35  Pylon  
  111  7:38  Pylon  
  111  7:39  Probe  
  111  7:40  High Templar x2  
  116  7:46  Archon, Probe  
  116  7:48  Pylon  
  116  7:49  Pylon  
  117  7:52  Pylon  
  117  7:56  High Templar x2  
  121  8:00  Archon  
  121  8:01  Immortal  
  121  8:05  High Templar x2  
  123  8:10  Archon  
  123  8:12  Zealot x2  
  131  8:24  Gateway  
  131  8:27  Gateway  
  131  8:29  Gateway, Zealot  
  131  8:30  Zealot  
  131  8:31  Gateway  
  131  8:32  Pylon  
  131  8:33  Zealot x2  
  139  8:37  High Templar  
  139  8:39  High Templar  
  130  8:43  Archon  
  111  8:54  Zealot x4  
  102  8:59  Immortal  
  76  9:12  High Templar  
  76  9:14  High Templar  
  75  9:17  High Templar x2, Zealot  
  75  9:18  Zealot  
  75  9:24  Archon x2  
  79  9:27  Zealot x2  
  79  9:28  Zealot x2  
  86  9:38  Zealot x2  
  80  9:45  Zealot  
  74  9:51  Zealot x4  
  74  9:52  Zealot x2  
Tags
 
Add a new tag
Caveats
  • Supply blocks, unpowered buildings, or Contaminate may cause inaccurate times.
  • Supply counts are checked every 10 seconds.